 Dungeon Crawl Stone Soup version 0.20.0-15-g7f486f2 (webtiles) character file.

2374 panicbit the Cleaver (level 9, 0/75 HPs)
             Began as a Minotaur Fighter on June 26, 2017.
             Slain by a wight
             ... wielding a +5 halberd of freezing
              (8 damage)
             ... on level 6 of the Dungeon.
             The game lasted 00:27:21 (5609 turns).

panicbit the Cleaver (Minotaur Fighter)             Turns: 5609, Time: 00:27:22

Health: 0/75       AC: 13    Str: 29    XL:     9   Next: 21%
Magic:  8/8        EV:  6    Int:  5    God:
Gold:   189        SH: 15    Dex: 10    Spells: 8/8 levels left

rFire    + . .     SeeInvis .   y - +0 war axe
rCold    . . .     Gourm    .   c - +0 shield
rNeg     . . .     Faith    .   A - +0 plate armour
rPois    .         Spirit   .   (helmet restricted)
rElec    .         Reflect  +   u - +0 cloak
rCorr    .         Harm     .   (no gloves)
MR       .....                  (no boots)
Stlth    ..........             n - +4 amulet of reflection
Regen    0.3/turn               m - ring of protection from fire
MPRegen  0.2/turn               (no ring)

@: mighty, heavily drained
A: retaliatory headbutt, horns 2
a: no special abilities


You were on level 6 of the Dungeon.
You were not hungry.

You visited 1 branch of the dungeon, and saw 6 of its levels.

You collected 233 gold pieces.
You spent 44 gold pieces at shops.

Inventory:

Hand Weapons
 s - a +2 flail of holy wrath
 y - a +0 war axe (weapon)
Armour
 b - a +0 scale mail
 c - a +0 shield (worn)
 u - a +0 cloak (worn)
 A - a +0 plate armour (worn)
Jewellery
 m - a ring of protection from fire (left hand)
 n - a +4 amulet of reflection (around neck)
 F - an uncursed amulet of faith
Wands
 r - a wand of random effects (25/48)
 w - a wand of confusion (15/48)
 B - a wand of confusion (27/48)
 H - a wand of acid (10/15)
Scrolls
 d - a scroll of teleportation
 e - 2 scrolls of blinking
 g - a scroll of fog {unknown}
 o - a scroll of recharging
 p - 6 scrolls of remove curse {unknown}
 x - 3 scrolls of magic mapping
 z - a scroll of amnesia {unknown}
 E - a scroll of fear {unknown}
Potions
 a - a potion of mutation {unknown}
 h - a potion of degeneration {unknown}
 i - a potion of invisibility {unknown}
 j - 2 potions of ambrosia
 k - a potion of agility {unknown}
 l - a potion of resistance {unknown}
 q - a potion of flight {unknown}
 t - 2 potions of curing
 v - a potion of heal wounds {unknown}
 G - a potion of might
 I - a potion of berserk rage {unknown}
Comestibles
 f - 3 bread rations
 C - 9 chunks of flesh
 D - a royal jelly


   Skills:
 + Level 6.1(4.0) Fighting
 + Level 9.5(7.2) Axes
 + Level 7.4(5.2) Armour
 + Level 3.2(1.2) Dodging
 + Level 0.8(0.0) Stealth
 + Level 8.1(5.9) Shields


You had 8 spell levels left.
You didn't know any spells.

Dungeon Overview and Level Annotations

Branches:
Dungeon (6/15)
 Temple: D:4-7

Altars:
Cheibriados
Fedhas
Kikubaaqudgha
Nemelex Xobeh
Ru
Vehumet

Shops:
D:4 **[   D:6 (


Innate Abilities, Weirdness & Mutations

You reflexively headbutt those who attack you in melee.
You have a pair of horns on your head.


Message History

The wight is moderately damaged.
The wight hits you from afar with a halberd of freezing.
* * * LOW HITPOINT WARNING * * *
The wight freezes you.
* * * LOW HITPOINT WARNING * * *
The wight barely misses you. You furiously retaliate!
You headbutt the wight.
Your shield and plate armour prevent you from hitting the wight.
Your headbutt misses the wight.
The wight is severely damaged.
The wight hits you from afar with a halberd of freezing.
* * * LOW HITPOINT WARNING * * *
You feel drained.
* * * LOW HITPOINT WARNING * * *
The wight freezes you.
* * * LOW HITPOINT WARNING * * *
You block the wight's attack.
You closely miss the wight.
The wight is severely damaged.
The wight hits you from afar with a halberd of freezing!
You die...

......(.#######
###.###.# # ###.###
#..∩..### #.#.#...#
#...###.# ## ##.## #.# #
.# ....##.##.##.#
.#########.#....@zz...#
........##......##......
.##.###.######### #####
.##.###(# ......#.#
###.#)#.# ###.....#
........## ##.......#


You could see 2 wights.

Vanquished Creatures
  Sigmund (D:3)
  Menkaure (D:6)
  A black bear (D:6)
  An orc warrior (D:6)
  An ice beast (D:6)
  An ogre (D:6)
  2 phantoms
  2 centaurs (D:5)
  2 bullfrogs (D:6)
  A water moccasin zombie (D:6)
  A scorpion (D:5)
  7 wights (D:6)
  A crimson imp (D:5)
  2 hounds
  3 orc wizards
  A bullfrog skeleton (D:5)
  A centaur skeleton (D:4)
  2 orc priests (D:6)
  Crazy Yiuf (D:3)
  A gnoll shaman (D:5)
  Terence (D:3)
  An iguana (D:6)
  4 worker ants
  2 hound skeletons
  Robin (D:2)
  3 gnolls
  10 adders
  A shadow imp (D:6)
  An adder skeleton (D:5)
  8 worms
  2 leopard geckos
  8 orcs
  6 giant cockroaches
  20 goblins
  4 hobgoblins
  19 jackals
  8 kobolds
  5 ball pythons
  5 bats
  5 frilled lizards
  A jackal zombie (D:6)
  14 rats
162 creatures vanquished.

Vanquished Creatures (others)
  A centaur (D:6)
1 creature vanquished.

Grand Total: 163 creatures vanquished

Notes
Turn   | Place    | Note
-------+----------+-------------------------------------------
     0 | D:1      | panicbit the Minotaur Fighter began the quest for the Orb.
     0 | D:1      | Reached XP level 1. HP: 19/19 MP: 0/0
   205 | D:1      | Reached XP level 2. HP: 25/27 MP: 1/1
   429 | D:1      | Reached XP level 3. HP: 33/33 MP: 2/2
   909 | D:2      | Found an ancient bone altar of Kikubaaqudgha.
   948 | D:2      | Reached skill level 3 in Axes
  1038 | D:2      | Noticed Robin
  1046 | D:2      | Killed Robin
  1047 | D:2      | Reached XP level 4. HP: 40/40 MP: 3/3
  1094 | D:2      | Found a sparkling altar of Nemelex Xobeh.
  1230 | D:2      | Reached skill level 1 in Dodging
  1509 | D:2      | Found a sacrificial altar of Ru.
  1736 | D:3      | Reached skill level 4 in Axes
  1852 | D:3      | Noticed Sigmund
  1873 | D:3      | HP: 1/40 [something (5)]
  1880 | D:3      | HP: 1/40 [Sigmund/magic dart (8)]
  1880 | D:3      | Killed Sigmund
  1880 | D:3      | Reached skill level 5 in Axes
  1880 | D:3      | Reached XP level 5. HP: 1/46 MP: 4/4
  1880 | D:3      | Reached XP level 6. HP: 1/52 MP: 5/5
  2542 | D:3      | Noticed Terence
  2552 | D:3      | Killed Terence
  2609 | D:3      | Found a snail-covered altar of Cheibriados.
  2958 | D:3      | Found a runed door.
  2962 | D:3      | Noticed Crazy Yiuf
  2969 | D:3      | Killed Crazy Yiuf
  2969 | D:3      | Reached skill level 5 in Shields
  3186 | D:4      | Reached skill level 5 in Armour
  3391 | D:4      | Reached skill level 6 in Axes
  3412 | D:4      | Reached XP level 7. HP: 60/60 MP: 6/6
  3462 | D:4      | Found Rublued's Assorted Antiques.
  3538 | D:4      | Found Deteycoc's Armour Shoppe.
  3548 | D:4      | Found Ezxij's Assorted Antiques.
  3587 | D:4      | Bought a scroll of identify for 44 gold pieces
  3879 | D:5      | Entered Level 5 of the Dungeon
  3993 | D:5      | Found a blossoming altar of Fedhas.
  4109 | D:5      | Reached skill level 5 in Fighting
  4196 | D:5      | Found a radiant altar of Vehumet.
  4369 | D:5      | Reached skill level 7 in Axes
  4560 | D:5      | Found Kegaush's General Store.
  4760 | D:5      | Reached XP level 8. HP: 67/68 MP: 7/7
  4809 | D:6      | Reached skill level 8 in Axes
  5190 | D:6      | Noticed Menkaure
  5200 | D:6      | Killed Menkaure
  5396 | D:6      | Reached skill level 9 in Axes
  5523 | D:6      | Reached XP level 9. HP: 56/75 MP: 8/8
  5548 | D:6      | Found Fuafophexesm's Antique Weapon Boutique.
  5609 | D:6      | Slain by a wight

Skill      XL: |  1  2  3  4  5  6  7  8  9 |
---------------+----------------------------+-----
Shields        | 4 5 6 7 8 |  8.1
Armour         | 4 5 7 |  7.4
Axes           | 3 5 6 7 9 |  9.5
Fighting       | 4 5 6 |  6.1
Dodging        | 1 2 3 |  3.2
Stealth        | |  0.8

Action                   |  1- 3 |  4- 6 |  7- 9 || total
-------------------------+-------+-------+-------++-------
Melee: War axe           |    86 |   154 |   226 ||   466
       Headbutt          |    16 |    19 |    53 ||    88
  Use: Potion            |       |     3 |     1 ||     4
       Scroll            |       |       |     6 ||     6
  Eat: Chunk             |     1 |     1 |       ||     2
       Royal jelly       |       |     1 |       ||     1
       Meat ration       |       |     1 |       ||     1
       Bread ration      |       |       |     2 ||     2
Armor: Scale mail        |    28 |    41 |    30 ||    99
       Plate armour      |       |       |    50 ||    50
Dodge: Dodged            |    23 |    30 |    51 ||   104
Block: Shield            |    49 |    86 |   165 ||   300
       Reflection        |     2 |       |     6 ||     8
